 Dungeon Crawl Stone Soup version 0.31-a0-426-g3a05650e59 (webtiles) character file.

Game seed: 17321623610314902326

555 avis the Ruffian (level 7, -9/61 HPs)
             Began as a Hill Orc Monk on July 31, 2023.
             Mangled by Pikel
             ... wielding a +2 whip of electrocution
              (17 damage)
             ... on level 5 of the Dungeon.
             The game lasted 00:19:34 (3926 turns).

avis the Ruffian (Hill Orc Monk)                    Turns: 3926, Time: 00:19:34

Health: -9/61      AC:  8    Str: 16    XL:     7   Next: 30%
Magic:  7/7        EV:  7    Int: 10    God:
Gold:   265        SH:  0    Dex: 13    Spells: 6/6 levels left

rFire   . .          .
                       - Unarmed
rCold   . . .        c - orb {light}
rNeg    . . .        b - +0 chain mail
rPois   .            (helmet currently unavailable)
rElec   .            (cloak currently unavailable)
rCorr   .            (gloves currently unavailable)
SInv    .            (boots currently unavailable)
Will    .....        (no amulet) Stlth
                     g - ring of flight
HPRegen 0.30/turn    (no ring)
MPRegen 0.10/turn

%: no passive effects
@: beast-form, flying, glowing
A: beast (slay +1)
a: Begin Untransformation


You were on level 5 of the Dungeon.
You were a hulking beast.
You visited 1 branch of the dungeon, and saw 5 of its levels.

You collected 265 gold pieces.

Inventory:

Hand Weapons
 e - a +0 dagger of electrocution
 s - a +0 trident
 t - a +0 sling
Missiles
 h - 35 stones
 r - 3 javelins
Armour
 a - a +0 robe
 b - a +0 chain mail (worn)
 c - an orb of light (worn)
 x - a +0 pair of boots
Magical Staves
 f - a staff of earth
Jewellery
 g - a ring of flight (left hand)
 w - a ring of fire
Talismans
 q - a beast talisman (active)
Wands
 n - a wand of charming (3)
Scrolls
 d - 5 scrolls of teleportation
 l - 2 scrolls of amnesia {unknown}
 m - 4 scrolls of identify
 o - a scroll of noise {unknown}
 u - a scroll of blinking {unknown}
 y - a scroll of immolation {unknown}
 z - a scroll of brand weapon {unknown}
 B - a scroll of revelation {unknown}
Potions
 i - a potion of cancellation {unknown}
 j - 2 potions of degeneration
 k - a potion of might {unknown}
 p - 2 potions of curing
 A - a potion of invisibility {unknown}


   Skills:
 - Level 5.0 Fighting
 - Level 2.4 Dodging
 * Level 7.7 Unarmed Combat
 + Level 1.8 Shapeshifting


You had 6 spell levels left.
You didn't know any spells.
Your spell library contained the following spells:

 Spells                   Type           Power      Damage    Failure   Level
 Apportation              Tloc           0%         N/A       99%         1
 Stone Arrow              Conj/Erth      0%         3d7       100%        3
 Animate Armour           Summ/Erth      0%         N/A       100%        4
 Alistair's Intoxication  Tmut/Pois      0%         N/A       100%        5
 Lehudib's Crystal Spear  Conj/Erth      0%         10d2      100%        8


Dungeon Overview and Level Annotations

Branches:
Dungeon (5/15)
 Temple: D:4-7

Altars:
Ru
Sif Muna
Vehumet

Shops:
D:2 (   D:3 !   D:5 !

Annotations:
D:3 Grinder
D:4 3 runed translucent doors, AwFulAwFulPlayer's ghost, amateur DrFi; RepHenryClay's ghost, amateur HOCA; Shayle's ghost, novice GnSh; deremet's ghost, weakling GnDe; hgbash's ghost, amateur SpBr
D:5 Pikel


Message History

You hit Pikel.
Pikel is heavily wounded.
Pikel hits you with a +2 whip of electrocution!
A lemure comes into view.
The lemure shouts!
You hit Pikel but do no damage.
Pikel is heavily wounded.
You hear a shout!
Pikel hits you but does no damage.
You hit Pikel but do no damage.
Pikel is heavily wounded.
Pikel hits you with a +2 whip of electrocution.
You closely miss Pikel.
Pikel is heavily wounded.
You hit Pikel.
Pikel is severely wounded.
Pikel hits you with a +2 whip of electrocution!
A lemure comes into view.
You closely miss Pikel.
Pikel is severely wounded.
Pikel hits you with a +2 whip of electrocution!
* * * LOW HITPOINT WARNING * * *
You hit Pikel but do no damage.
Pikel is severely wounded.
Pikel looks more healthy.
Pikel hits you but does no damage.
Aiming: Charm
Press: ? - help, Shift-Dir - straight line, f/p - Pikel
Aim: Pikel, wielding a +2 whip of electrocution and wearing a +1 robe (severely wounded, haloed, chance to affect: 49%) Pikel resists with some effort.
Pikel hits you with a +2 whip of electrocution.
* * * LOW HITPOINT WARNING * * *
A lemure comes into view.
Okay, then.
The lemure shouts!
You punch Pikel!
Pikel is almost dead.
Pikel hits you with a +2 whip of electrocution.
* * * LOW HITPOINT WARNING * * *
You are electrocuted!
You die...

#### ####### #####
....#########.....# #...# ##
..(..((.Kh.......# #...# #..
.......5........# #....
#.######..............# #....
#.....##..............#########
#.....##..5.................###
#.....##.........###........#..
#.....##.........##.........'..
#......5.......[............#.#
#.........#####>............#.#


You could see Pikel and 3 lemures.

Vanquished Creatures
  An ice beast (D:5)
  2 bullfrogs (D:5)
  2 scorpions (D:5)
  3 hounds
  A sleepcap (D:5)
  An adder (D:5)
  A white imp (D:5)
  An ufetubus (D:5)
  4 dart slugs
  A worm (D:5)
  An orc (D:5)
  3 ball pythons
  3 bats
  8 endoplasms
  4 giant cockroaches
  6 goblins
  5 hobgoblins
  2 jackals (D:2)
  9 kobolds
  2 quokkas
  7 frilled lizards
  3 rats
70 creatures vanquished.

Notes
Turn   | Place    | Note
-------+----------+-------------------------------------------
     0 | D:1      | avis the Hill Orc Monk began the quest for the Orb.
     0 | D:1      | Reached XP level 1. HP: 19/19 MP: 1/1
   183 | D:1      | Reached XP level 2. HP: 27/27 MP: 2/2
   367 | D:1      | Reached XP level 3. HP: 35/35 MP: 3/3
   400 | D:1      | Reached skill level 5 in Fighting
  1016 | D:2      | Reached skill level 4 in Unarmed Combat
  1078 | D:2      | Found Sumis's Antique Weapon Shoppe.
  1265 | D:2      | Found a shimmering blue altar of Sif Muna.
  1443 | D:3      | Reached XP level 4. HP: 39/42 MP: 4/4
  1509 | D:3      | Found a radiant altar of Vehumet.
  1571 | D:3      | Found Nisoash's Distillery.
  1676 | D:3      | Found a faded altar of an unknown god.
  2083 | D:4      | Noticed Grinder
  2083 | D:4      | Paralysed by Grinder for 4 turns
  2432 | D:4      | Found a sacrificial altar of Ru.
  2490 | D:4      | Found a runed translucent gate.
  2490 | D:4      | Found a runed translucent gate.
  2490 | D:4      | Found a runed translucent gate.
  2491 | D:4      | Noticed hgbash's ghost (amateur SpBr)
  2491 | D:4      | Noticed AwFulAwFulPlayer's ghost (amateur DrFi)
  2491 | D:4      | Noticed deremet's ghost (weakling GnDe)
  2491 | D:4      | Noticed RepHenryClay's ghost (amateur HOCA)
  2491 | D:4      | Noticed Shayle's ghost (novice GnSh)
  2563 | D:4      | Reached skill level 5 in Unarmed Combat
  2563 | D:4      | Reached XP level 5. HP: 30/48 MP: 5/5
  3033 | D:5      | Entered Level 5 of the Dungeon
  3100 | D:5      | Reached skill level 1 in Shapeshifting
  3186 | D:5      | Reached skill level 6 in Unarmed Combat
  3186 | D:5      | Reached XP level 6. HP: 56/56 MP: 6/6
  3435 | D:5      | Reached skill level 7 in Unarmed Combat
  3549 | D:5      | Reached XP level 7. HP: 50/61 MP: 7/7
  3588 | D:5      | Found Puutul's Distillery.
  3907 | D:5      | Noticed Pikel
  3926 | D:5      | Mangled by Pikel

Illustrated notes

Levels and vault maps discovered:
D:1:      dreamdust_arrival_beginning_and_end, layout_loops_ring
D:2:      layout_basic, serial_shops, shop, basic_altar
D:3:      layout_basic, old_standard_altar, chequers_ecumenical_altar_simple,
          serial_shops, shop
D:4:      layout_basic, nicolae_ru_path_of_blood, gammafunk_ghost_cemetery,
          serial_forest, infiniplex_forest_end_2, infiniplex_forest_diagonal,
          infiniplex_forest_straight_4, infiniplex_forest_clump_double,
          infiniplex_forest_zigzag_1, infiniplex_forest_side_room,
          infiniplex_forest_clump_long, kennysheep_cross_room, uniq_grinder
D:5:      layout_basic, serial_shops, shop, chequers_serial_rivers_micro_a,
          st_stairs_5, uniq_pikel

Skill      XL: |  1  2  3  4  5  6 |
---------------+-------------------+-----
Fighting       | 4 5 |  5.0
Unarmed Combat | 4 5 6 7 |  7.7
Shapeshifting  | 1 |  1.8
Dodging        | |  2.4

Action                     |  1- 3 |  4- 6 |  7- 9 || total
---------------------------+-------+-------+-------++-------
  Melee: Unarmed           |   132 |   100 |    24 ||   256
  Throw: Dart              |       |       |     4 ||     4
  Evoke: Wand              |       |     5 |     1 ||     6
    Use: Scroll            |       |     2 |     1 ||     3
         Potion            |       |     2 |       ||     2
 Armour: Robe              |    19 |     5 |       ||    24
         Chain mail        |       |    20 |    10 ||    30
  Dodge: Dodged            |    81 |    50 |     5 ||   136
   Form: Beast             |       |     1 |       ||     1

Table legend: (Time is in decaauts)
 A = Elapsed time spent in this place.
 B = Non-inter-level travel time spent in this place.
 C = Inter-level travel time spent in this place.
 D = Time resting spent in this place.
 E = Time spent auto-exploring this place.
 F = Levels seen in this place.
 G = Mean time per level.
                   A        B        C        D        E       F      G
               +--------+--------+--------+--------+--------+-----+--------+
         Total |   3907 |   3556 |    351 |    478 |   2108 |   5 |  781.4 |
       Dungeon |   3907 |   3556 |    351 |    478 |   2108 |   5 |  781.4 |
               +--------+--------+--------+--------+--------+-----+--------+

Top non-repeatable levels by time:
     D:4: 1117 daAuts
     D:5: 836 daAuts
     D:1: 785 daAuts
     D:3: 610 daAuts
     D:2: 557 daAuts
